[Event "SixDays GM March 2024"]
[Site "Budapest"]
[Date "2024.04.01"]
[Round "5.4"]
[White "Mayank Chakraborty"]
[Black "Juhasz, Agoston"]
[Result "1-0"]
[ECO "B12"]
[WhiteElo "2386"]
[BlackElo "2406"]
[Annotator "ChessBase"]
[PlyCount "117"]
[EventDate "2024.03.26"]
[EventType "tourn"]
[EventCountry "HUN"]
[SourceTitle "playchess.com"]
[Source "ChessBase"]
[SourceQuality "1"]
[TimeControl "5400+30"]

1. e4 c6 2. d4 d5 3. f3 e6 4. Nc3 Bb4 5. Bd2 b6 6. Nce2 Bxd2+ 7. Qxd2 Ba6 8. h4 Ne7 9. h5 h6 10. O-O-O Nd7 11. g4 c5 12. exd5 Nxd5 13. Nf4 Bxf1 14. Nxd5 Ba6 15. Nc3 Bb7 16. d5 Nf6 17. g5 Nxd5 18. Ne4 c4 19. Qd4 f6 20. gxf6 gxf6 21. Qxc4 f5 22. Qa4+ Kf7 23. Ne2 Qc7 24. N4c3 Rad8 25. Nb5 Qc5 26. Nbd4 a6 27. Rhg1 Qb4 28. Qxb4 Nxb4 29. Nf4 e5 30. Ng6 exd4 31. Nxh8+ Rxh8 32. Rxd4 Nd5 33. Rg6 Ne7 34. Rxb6 Bxf3 35. Rh4 a5 36. Ra6 Nd5 37. Rxa5 Kf6 38. Rd4 Ne3 39. b4 Bxh5 40. b5 Bf3 41. b6 h5 42. Ra3 Re8 43. Rb3 Bd5 44. Rxe3 Rxe3 45. Rxd5 h4 46. a4 h3 47. b7 Re1+ 48. Kb2 h2 49. Rd6+ Re6 50. b8=Q h1=Q 51. Qd8+ Ke5 52. Rxe6+ Kxe6 53. a5 Qc6 54. Qb6 Kd7 55. Qxc6+ Kxc6 56. c4 Kb7 57. c5 f4 58. Kc3 Kc6 59. a6 1-0

[Event "SixDays GM March 2024"]
[Site "Budapest"]
[Date "2024.04.01"]
[Round "5.5"]
[White "Konyves, Almos"]
[Black "Pribelszky, Bence"]
[Result "1/2-1/2"]
[ECO "A53"]
[WhiteElo "2306"]
[BlackElo "2354"]
[Annotator "ChessBase"]
[PlyCount "100"]
[EventDate "2024.03.26"]
[EventType "tourn"]
[EventCountry "HUN"]
[SourceTitle "playchess.com"]
[Source "ChessBase"]
[SourceQuality "1"]
[TimeControl "5400+30"]

1. d4 Nf6 2. c4 d6 3. Nc3 Bf5 4. Nf3 h6 5. e3 e6 6. Bd3 Bxd3 7. Qxd3 c6 8. e4 d5 9. Nd2 Be7 10. O-O O-O 11. e5 Nfd7 12. f4 f5 13. g4 Na6 14. a3 Nc7 15. gxf5 Rxf5 16. cxd5 Nxd5 17. Nde4 Qb6 18. Nxd5 cxd5 19. Ng3 Rf7 20. Be3 Bh4 21. Rf2 Bxg3 22. hxg3 h5 23. Rh2 Rf5 24. Qe2 Rc8 25. Rf1 Qb3 26. Kh1 Nf8 27. Rg1 Rc7 28. Bc1 g6 29. Be3 Kf7 30. g4 hxg4 31. Rxg4 Ke8 32. Rgh4 Rff7 33. Rh8 Qa2 34. Qb5+ Rc6 35. Qf1 Qb3 36. R8h3 Rcc7 37. Qe2 Rh7 38. Rxh7 Rxh7 39. Rxh7 Nxh7 40. Kg2 Nf8 41. Kf2 Nd7 42. Kf3 Nb6 43. Qg2 Qd3 44. Qh3 Qe4+ 45. Kf2 Qf5 46. Qh8+ Kd7 47. Qb8 Qc2+ 48. Kf3 Qe4+ 49. Kf2 Qc2+ 50. Kf3 Qe4+ 1/2-1/2

[Event "SixDays GM March 2024"]
[Site "Budapest"]
[Date "2024.04.02"]
[Round "6.1"]
[White "Horvath, Adam"]
[Black "Pribelszky, Bence"]
[Result "1-0"]
[ECO "C00"]
[WhiteElo "2440"]
[BlackElo "2354"]
[Annotator "TA"]
[PlyCount "67"]
[EventDate "2024.03.26"]
[EventType "tourn"]
[EventCountry "HUN"]
[SourceTitle "playchess.com"]
[Source "ChessBase"]
[SourceQuality "1"]
[TimeControl "5400+30"]

1. e4 e6 2. d4 d5 3. Bd3 dxe4 4. Bxe4 Nf6 5. Bf3 c5 6. Ne2 Nc6 7. Be3 cxd4 8. Nxd4 Ne5 {[%emt 0:00:10] The position is equal.} 9. O-O a6 10. Nc3 Be7 11. Qe2 O-O 12. Rfe1 Bb4 13. Rad1 Bxc3 14. bxc3 {[%emt 0:02:51][%cal Od4e6] Black must now prevent Nxe6!} Qa5 15. Bg5 Nxf3+ 16. Nxf3 Nd5 17. c4 Nb4 18. Bd2 {[%emt 0:20:57] Rb1 is the strong threat.} Qc5 $2 ({Better is} 18... Qa4 $1 $14) 19. Bf4 $1 $18 {[%emt 0:00:05] Hoping for Bd6.} Qa5 20. Bd6 {[%emt 0:06:10] Black is weak on the dark squares} Re8 21. Ne5 {[%emt 0:03:18] And now Qh5 would win.} Nc6 {[%emt 0:02:40] [#]} 22. Qh5 Nxe5 23. Bxe5 (23. Rxe5 $18 {is the precise move to win.} Qxa2 24. Rg5) 23... Rf8 $16 {[%emt 0:09:57][%cal Of7f6] [#] aiming for ...f6!} 24. Qg5 $40 {[%emt 0:01:17][%csl Ge5][%cal Rg5g7][%mdl 128] White goes for the king.} f6 (24... Qxa2 25. Qxg7#) 25. Bxf6 Qc7 (25... Qxg5 $16 26. Bxg5 h6) 26. Be5 $18 Qf7 27. Qg3 {[%emt 0:00:21] Strongly threatening Re4. Active counter play!} b5 $2 (27... Qg6 {might work better.} 28. Qxg6 hxg6) 28. Rd4 Ra7 29. cxb5 axb5 {[%emt 0:00:06] [#]} 30. Bxg7 $1 Qxg7 (30... Qxf2+ 31. Qxf2) 31. Rg4 {[%emt 0:00:04] White is clearly winning.} e5 32. Rxg7+ Rxg7 33. Qxe5 Bb7 34. g3 {[%emt 0:00:31] Weighted Error Value: White=0.23 (precise) /Black=0.46.  Loses game:     	---       	Black=2      Mistake:       	White=1     	Black=1      Inaccurate:     	---       	Black=2      OK:         	White=14    	Black=10     Best:        	White=2     	Black=5      Strong:       	White=1     	---} (34. Qxb5 $2 {too greedy.} Rxg2+ (34... Bxg2 35. Qc5 $11) 35. Kh1 Rg7+ $19 (35... Rgxf2+ $2 {loses.} 36. Qxb7 R2f6 37. Rg1+ Rg6 38. Qd5+ Kg7 39. a4 $18) (35... Rgxf2+ $2 36. Qxb7 Rf1+ 37. Rxf1 $18)) 1-0

[Event "SixDays GM March 2024"]
[Site "Budapest"]
[Date "2024.04.02"]
[Round "6.2"]
[White "Juhasz, Agoston"]
[Black "Konyves, Almos"]
[Result "1-0"]
[ECO "C97"]
[WhiteElo "2406"]
[BlackElo "2306"]
[Annotator "TA"]
[PlyCount "79"]
[EventDate "2024.03.26"]
[EventType "tourn"]
[EventCountry "HUN"]
[SourceTitle "playchess.com"]
[Source "ChessBase"]
[SourceQuality "1"]
[TimeControl "5400+30"]

1. e4 e5 2. Nf3 Nc6 3. Bb5 a6 4. Ba4 Nf6 5. O-O Be7 6. Re1 b5 7. Bb3 d6 8. c3 O-O 9. h3 Na5 10. Bc2 c5 11. d4 Qc7 12. d5 Nc4 13. b3 Nb6 14. a4 c4 15. axb5 {[%emt 0:02:20] White is slightly better.} cxb3 16. Bd3 Nfd7 17. Be3 a5 (17... Nc5 $11 {keeps the balance.}) 18. Qxb3 $16 {[%emt 0:05:21] White is more active.} Nc5 19. Qc2 Nxd3 20. Qxd3 f5 21. Nfd2 Bh4 22. c4 f4 23. Bxb6 Qxb6 24. Re2 Bd8 (24... Bd7 $142 25. Nc3 Rac8) 25. Nc3 $18 Qa7 26. Na4 Bb6 27. Nf3 Bd7 28. Rea2 Rfc8 29. Nxb6 Qxb6 30. Nd2 Rc7 31. Ra4 Rca7 32. Nb3 g5 33. Qc3 {[%emt 0:01:27] White is clearly winning.} g4 34. hxg4 ({Weaker is} 34. Rxa5 g3 35. c5 dxc5 36. Rxa7 (36. fxg3 c4+ 37. Kh2 cxb3 $11) 36... Rxa7 $18) (34. Nxa5 gxh3 35. gxh3 Kh8 $18) 34... Bxg4 35. Rxa5 f3 36. c5 dxc5 37. Rxa7 Rxa7 38. Rxa7 (38. Qxc5 {is a self mate.} Rxa1+ 39. Nxa1 Qxc5 40. gxf3 Bxf3 (40... Qc1+ $2 41. Kg2 $19) 41. Nb3 Qc3 (41... Qxb5 {leads to mate.} 42. Nd2 Be2 43. Kg2 Qd3 44. d6 Qxd2 45. d7 Qxd7 46. f3 Qd4 47. Kg3 Qg1+ 48. Kh4 Qh2+ 49. Kg4 Qf4+ 50. Kh5 Bxf3#) 42. Kf1 Qxb3 43. Kg1 Bxe4 (43... Qxb5 44. d6 Qb1+ 45. Kh2 Qh1+ 46. Kg3 Qg2+ 47. Kh4 Qg4#) 44. Kh2 Qf3 45. Kg1 Qh1#) 38... Qxa7 39. gxf3 c4 40. fxg4 {[%emt 0:02:23] Black got outplayed after the opening.   Weighted Error Value: White=0.01 (flawless) /Black=0.40.  Mistake:       	---       	Black=2      Inaccurate:     	---       	Black=3      OK:         	White=14    	Black=5      Best:        	White=4     	Black=1} 1-0

[Event "SixDays GM March 2024"]
[Site "Budapest"]
[Date "2024.04.02"]
[Round "6.3"]
[White "Mihok, Oliver"]
[Black "Mayank Chakraborty"]
[Result "1/2-1/2"]
[ECO "C26"]
[WhiteElo "2549"]
[BlackElo "2386"]
[Annotator "RC"]
[PlyCount "134"]
[EventDate "2024.03.26"]
[EventType "tourn"]
[EventCountry "HUN"]
[SourceTitle "playchess.com"]
[Source "ChessBase"]
[SourceQuality "1"]
[TimeControl "5400+30"]

1. e4 e5 2. Nc3 Nf6 3. Bc4 Bc5 4. d3 d6 5. f4 exf4 6. Bxf4 Be6 7. Bb3 Nc6 8. Nf3 Nd4 9. Na4 Bxb3 10. axb3 Ne6 11. Bd2 a6 12. Nxc5 dxc5 13. O-O Nd7 14. Qe1 O-O 15. Qg3 f6 16. Rf2 Rf7 17. Raf1 Nd4 18. Bc3 Nxf3+ 19. Rxf3 Qe7 20. Qxc7 Ne5 21. Bxe5 Qxc7 22. Bxc7 Rxc7 23. Rf5 a5 24. e5 fxe5 25. Rxe5 b6 26. Rf4 h6 27. Re6 Rb7 28. Kf2 b5 29. Rc6 a4 30. Rxc5 axb3 31. cxb3 Ra2 32. Rc2 b4 33. Ke3 Ra1 34. h4 Re1+ 35. Re2 Rd1 36. Rd2 Re1+ 37. Kf2 Re5 38. d4 Rd5 39. Re4 Kf7 40. Ke3 Kg6 41. g4 h5 42. g5 Rc7 43. Rf2 Rd6 44. Re5 Rc1 45. d5 Rd8 46. Rd2 Rh1 47. Re4 Kf5 48. Rf2+ Kg6 49. Rd4 Rh3+ 50. Rf3 Re8+ 51. Re4 Rxe4+ 52. Kxe4 Rxh4+ 53. Ke5 Rh1 54. d6 Re1+ 55. Kd5 Rd1+ 56. Kc6 Kxg5 57. d7 Rc1+ 58. Rc3 Rd1 59. Rc5+ Kf6 60. Kc7 g5 61. d8=Q+ Rxd8 62. Kxd8 h4 63. Kd7 h3 64. Rc6+ Kg7 65. Rc2 Kf6 66. Rc6+ Kg7 67. Rc2 Kf6 1/2-1/2

[Event "SixDays GM March 2024"]
[Site "Budapest"]
[Date "2024.04.02"]
[Round "6.4"]
[White "Grover, Sahaj"]
[Black "Uskov, Artem"]
[Result "0-1"]
[ECO "B47"]
[WhiteElo "2514"]
[BlackElo "2392"]
[Annotator "TA"]
[PlyCount "120"]
[EventDate "2024.03.26"]
[EventType "tourn"]
[EventCountry "HUN"]
[SourceTitle "playchess.com"]
[Source "ChessBase"]
[SourceQuality "1"]
[TimeControl "5400+30"]

1. e4 c5 2. Nf3 e6 3. d4 cxd4 4. Nxd4 Nc6 5. Nc3 Qc7 6. a3 a6 7. Be3 b5 8. Nxc6 Qxc6 9. h4 Nf6 10. h5 Nxe4 {[%emt 0:02:16] The position is equal.} 11. Nxe4 Qxe4 12. Be2 Rb8 13. h6 gxh6 14. Bf3 Qe5 15. Rh5 f5 16. Qd4 {[%emt 0:00:33] Inhibits Bc5.} (16. Qd2 $11 {keeps the balance.} b4 17. Kf1) 16... Qxd4 $17 17. Bxd4 Rg8 18. Ba7 {[%emt 0:01:46] [#]} Bb7 $1 19. Bxb8 (19. Ke2 Bxf3+) 19... Bxf3 20. Rh3 Bxg2 21. Rg3 Rg6 22. Ke2 Bd5 23. f3 Bg7 24. c3 e5 25. Kf2 Kf7 26. Re1 Ke6 27. Reg1 Kf7 28. Re1 $1 ({Much weaker is} 28. f4 Rxg3 29. Kxg3 (29. Rxg3 e4 $11) 29... exf4+ (29... e4 30. Be5 $16) 30. Bxf4 Be4 $15) 28... Ke6 29. Reg1 $1 Rxg3 $1 30. Rxg3 {[%emt 0:00:49][%mdl 4096] Endgame. KRB-KB} Bf6 31. Rg8 Kf7 32. Rc8 Bc6 33. f4 exf4 34. Bxf4 h5 35. Kg3 h4+ 36. Kh3 h5 ({Better is} 36... Kg7 $17) 37. b3 (37. Rb8 $11) 37... Bxc3 38. Kxh4 Bf6+ (38... Ke6 $15 39. Kxh5 Bb2) 39. Kxh5 $11 Be7 40. Bc1 (40. b4 $11) 40... a5 $15 41. Rh8 Bf3+ 42. Kh6 Bf6 {[%emt 0:00:24] Black is more active.} (42... a4 $15 43. bxa4 bxa4) 43. Rb8 Bc6 {[%emt 0:00:16] Strongly threatening ...Be5.} 44. Bd2 $2 {[%emt 0:00:16] This costs White the game.} (44. a4 $11 {and White has nothing to worry.}) 44... Be5 $19 45. Rc8 f4 46. Bxa5 Bd4 $1 {[%emt 0:01:56] A strong pair of Bishops.} 47. Bb4 f3 {[%emt 0:00:05][%mdl 1024] Black has strong compensation.} 48. Rf8+ Ke6 {[%emt 0:00:04] ...f2 is the strong threat.} 49. Be1 {[%emt 0:01:26] [#]} Bc5 $1 50. Re8+ (50. Rf4 $17) 50... Kd5 51. Bg3 Bxa3 52. Kg5 $2 (52. Bf2) 52... Kd4 {[%emt 0:00:13] Hoping for ...Kc3.} 53. Bf2+ (53. Be1 $142 Kd3 54. b4) 53... Kc3 54. Re3+ Kc2 {[%emt 0:00:01] ( -> ...Bc1)} 55. Kg4 Bc5 {[%emt 0:00:49] Black mates.} 56. b4 Bxe3 57. Bxe3 Kc3 58. Bc5 d5 59. Kxf3 d4+ 60. Ke2 {[%emt 0:00:11] [#]} d3+ $1 {[%emt 0:00:06] Weighted Error Value: White=0.45/Black=0.13 (very precise) .  Loses game:     	White=1     	---        Mistake:       	White=6     	Black=3      Inaccurate:     	White=4     	Black=3      OK:         	White=18    	Black=21     Best:        	White=4     	Black=7      Strong:       	White=2     	Black=3} 0-1

[Event "SixDays GM March 2024"]
[Site "Budapest"]
[Date "2024.04.02"]
[Round "6.5"]
[White "Orujov, Farid"]
[Black "Kaasen, Tor Fredrik"]
[Result "0-1"]
[ECO "C70"]
[WhiteElo "2266"]
[BlackElo "2449"]
[Annotator "TA"]
[PlyCount "90"]
[EventDate "2024.03.26"]
[EventType "tourn"]
[EventCountry "HUN"]
[SourceTitle "playchess.com"]
[Source "ChessBase"]
[SourceQuality "1"]
[TimeControl "5400+30"]

1. e4 e5 2. Nf3 Nc6 3. Bb5 a6 4. Ba4 Nge7 5. O-O Ng6 6. d4 exd4 7. Nxd4 Nxd4 8. Qxd4 {[%emt 0:00:04] White is slightly better.} b5 9. Bb3 Bb7 {[%emt 0:00:09] Dodges Qd5. Hoping for ...c5.} 10. Qe3 (10. Rd1 $14) 10... Bd6 $11 11. Nc3 O-O 12. Qg5 Be5 13. Qxd8 Raxd8 14. Bg5 (14. Rd1 $11 {remains equal.}) 14... Rde8 $17 15. Rad1 d6 16. f3 c5 {[%emt 0:06:44] And now ...c4 would win.} 17. Bd5 Bxd5 18. Rxd5 {[%emt 0:01:13] [#]} f5 $1 19. exf5 ({Better is} 19. g3) 19... Rxf5 20. f4 (20. Be3 $17) 20... Nxf4 $19 21. Bxf4 Rxf4 22. Rxf4 Bxf4 {[%emt 0:00:08][%mdl 4096] Endgame. KRB-KRN} 23. Kf2 b4 (23... Bxh2 24. g3 $11) 24. Ne2 Be5 (24... Bxh2 25. g3 $17) 25. c3 a5 ({Weaker is} 25... Bxh2 26. g3 $14) 26. Rd2 bxc3 ({Inferior is} 26... Bxh2 27. g3 $14) 27. bxc3 Rb8 ({Not} 27... Bxh2 28. g3 $14) 28. Ke3 Kf7 29. g3 (29. h3 {might work better.}) 29... g5 30. c4 Ke6 31. Kd3 Rf8 32. Ke3 Rf1 {[%emt 0:00:44] Against Nc1} 33. Rd3 (33. Ke4 $142) 33... g4 {[%emt 0:02:11] Black is clearly winning.} 34. Rb3 h5 35. Rd3 (35. Rb8 $142) 35... Kf5 36. Kd2 Rf2 37. Ke1 Rxh2 38. Kf1 Rh1+ 39. Kg2 Rb1 {[%emt 0:00:17] aiming for ...Ke4.} 40. Ra3 Rb4 41. Rxa5 Rxc4 {[%emt 0:00:07] ...Ke4 is the strong threat.} 42. Ra8 Rc2 43. Kf2 {[%emt 0:00:04] [#]} Bxg3+ $1 44. Kxg3 Rxe2 45. Rf8+ Ke5 $4 {[%mdl 40960] Never resign too early!   Weighted Error Value: White=0.55/Black=0.06 (flawless) .  Mistake:       	White=7     	---        Inaccurate:     	White=3     	Black=1      OK:         	White=4     	Black=19     Best:        	---       	Black=1      Strong:       	---       	Black=1     . Sensor Board Error (Ke4/e5)?} (45... Kg6 $19 46. Rg8+ Kf7) 0-1

[Event "SixDays GM March 2024"]
[Site "Budapest"]
[Date "2024.04.03"]
[Round "7.1"]
[White "Kaasen, Tor Fredrik"]
[Black "Horvath, Adam"]
[Result "0-1"]
[ECO "B42"]
[WhiteElo "2449"]
[BlackElo "2440"]
[Annotator "RC"]
[PlyCount "90"]
[EventDate "2024.03.26"]
[EventType "tourn"]
[EventCountry "HUN"]
[SourceTitle "playchess.com"]
[Source "ChessBase"]
[SourceQuality "1"]
[TimeControl "5400+30"]

1. e4 c5 2. Nf3 e6 3. d4 cxd4 4. Nxd4 a6 5. Bd3 Bc5 6. Nb3 Ba7 7. Qf3 d6 8. Be3 Nf6 9. Nc3 Nc6 10. Bxa7 Rxa7 11. O-O-O b5 12. g4 b4 13. Ne2 O-O 14. g5 Nd7 15. Qg3 e5 16. Kb1 Nb6 17. h4 a5 18. h5 a4 19. Nbc1 b3 20. cxb3 axb3 21. a3 Na4 22. Rd2 Be6 23. g6 fxg6 24. hxg6 h6 25. Bb5 Qa5 26. Rxd6 Qxb5 27. Rxe6 Qc4 28. Qxb3 Qxe4+ 29. Qc2 Nc3+ 30. Nxc3 Qxc2+ 31. Kxc2 Nd4+ 32. Kb1 Nxe6 33. Nd3 Rf6 34. Nxe5 Nf8 35. Rg1 Rxf2 36. Nd5 Rb7 37. b4 Nd7 38. Nc6 Nf6 39. Nde7+ Kf8 40. Re1 Rd7 41. b5 Ne4 42. Kc1 Nc3 43. b6 Rdd2 44. Nd4 Ra2 45. Ne2 Nxe2+ 0-1

[Event "SixDays GM March 2024"]
[Site "Budapest"]
[Date "2024.04.03"]
[Round "7.2"]
[White "Uskov, Artem"]
[Black "Orujov, Farid"]
[Result "1-0"]
[ECO "C42"]
[WhiteElo "2392"]
[BlackElo "2266"]
[Annotator "RC"]
[PlyCount "75"]
[EventDate "2024.03.26"]
[EventType "tourn"]
[EventCountry "HUN"]
[SourceTitle "playchess.com"]
[Source "ChessBase"]
[SourceQuality "1"]
[TimeControl "5400+30"]

1. e4 e5 2. Nf3 Nf6 3. Nxe5 d6 4. Nf3 Nxe4 5. d4 d5 6. Bd3 Nc6 7. O-O Be7 8. c4 Nb4 9. Be2 Bf5 10. a3 Nc6 11. Nc3 Nxc3 12. bxc3 O-O 13. cxd5 Qxd5 14. c4 Qe4 15. Be3 Bf6 16. Ra2 Rad8 17. Rd2 Qe7 18. Qb3 b6 19. Rfd1 Be4 20. h3 Bxf3 21. Bxf3 Nxd4 22. Rxd4 Bxd4 23. Rxd4 Rxd4 24. Bxd4 Rd8 25. Be3 Qd6 26. g3 h6 27. Kg2 Qd3 28. Qa4 a5 29. c5 bxc5 30. Bxc5 Qc3 31. Qc6 Qe5 32. Qb5 Qc3 33. Be7 Rc8 34. a4 c6 35. Qb7 Re8 36. Bxc6 Rxe7 37. Qc8+ Kh7 38. Be4+ 1-0

[Event "SixDays GM March 2024"]
[Site "Budapest"]
[Date "2024.04.03"]
[Round "7.3"]
[White "Mayank Chakraborty"]
[Black "Grover, Sahaj"]
[Result "1-0"]
[ECO "C55"]
[WhiteElo "2386"]
[BlackElo "2514"]
[Annotator "TA"]
[PlyCount "161"]
[EventDate "2024.03.26"]
[EventType "tourn"]
[EventCountry "HUN"]
[SourceTitle "playchess.com"]
[Source "ChessBase"]
[SourceQuality "1"]
[TimeControl "5400+30"]

1. e4 e5 2. Nf3 Nc6 3. Bc4 Nf6 4. d3 h6 5. a3 d6 6. Nc3 g5 7. Be3 Bg7 8. O-O {[%emt 0:04:45] White is slightly better.} Bg4 9. Nd5 {[%emt 0:09:08] [#]} Nd4 $1 10. Bxd4 exd4 11. Nxf6+ Qxf6 12. h3 h5 13. Re1 {[%emt 0:04:40][%cal Oe4e5] Threatens to win with e5!} (13. hxg4 $5 hxg4 14. Nh4 Rxh4 (14... gxh4 15. Qxg4 Rh6 16. Rae1 $14) 15. g3 $11) 13... Bxf3 14. Qxf3 Qxf3 15. gxf3 Be5 16. Kf1 Ke7 17. Ke2 c6 18. a4 f5 19. b4 Rad8 20. b5 d5 21. exd5 {[%emt 0:00:28] White is weak on the dark squares} cxd5 22. Bb3 Kd6 23. Rg1 Bf4 24. Rae1 Rc8 25. Kf1 Rcg8 26. Kg2 Rh6 27. Re2 g4 28. fxg4 fxg4 29. Kf1 (29. hxg4 $15 hxg4 30. Rh1) 29... g3 (29... Be5 $17) 30. fxg3 $1 $15 Bxg3 {[%emt 0:01:26] Strongly threatening ...Rf6+.} (30... Rxg3 31. Rxg3 Bxg3 32. Re8 $11) 31. Reg2 $1 h4 {[%emt 0:00:56] ...Re6 is the strong threat.} 32. Ke2 Re6+ 33. Kd1 Rge8 34. Kc1 Kc5 35. Rxg3 ({Better is} 35. Kb2 $15) 35... hxg3 $19 36. Rxg3 $15 {[%emt 0:00:02][%mdl 4096] Endgame. KRR-KRB} Re3 (36... Re2 $1 $19 {aiming for ...Kb4.} 37. b6 axb6) 37. Rg5 R8e5 (37... Rxh3 38. Rxd5+ Kb4 39. Kb2 $16 (39. Rxd4+ Ka3 $11)) 38. Rg7 Re7 (38... Rxh3 $6 39. Rxb7 Kb4 (39... Re1+ 40. Kb2 $16) 40. Kb2 $11 (40. Rxa7 $2 Ka3 $19)) 39. Rg5 R3e5 (39... Rxh3 $6 40. Rxd5+ Kb4 41. Rxd4+ Ka3 42. a5 Rh1+ 43. Kd2 $11) 40. Rg3 (40. Rg8 $17) 40... Rh5 (40... Re2 $1 $19 {...Kb4 would now be deadly.} 41. h4 b6) 41. Kb2 $17 Reh7 42. Ka3 ({White should play} 42. Rg8) 42... Rxh3 43. Rg8 {[%emt 0:01:02] [#]} Rc7 (43... Rh8 $142 $1 44. Rg7 R3h7) 44. Rg5 Rd7 45. Rg8 {[%emt 0:00:06] Prevents Rh8.} Rhh7 46. Ra8 Rh1 (46... Rhg7 $17) 47. Rc8+ $1 $11 Kd6 48. Ra8 Kc5 (48... Rc7 49. Rxa7 Kc5 50. Ra8 $11) 49. Rc8+ $1 Kd6 50. Ra8 b6 (50... Rc7 51. Rxa7 Kc5 52. Ra8 $11) 51. Rc8 Re1 52. Rh8 Re6 53. Kb4 Rf6 54. Re8 Rf2 55. Ka3 Rh2 56. Kb4 Rhh7 57. Re1 Rc7 58. Rg1 Rhg7 59. Rh1 Rh7 60. Rg1 Ke5 61. Ka3 Rc5 62. Rf1 Rcc7 (62... Rc8 $17) 63. Rf2 (63. Rg1 $1 $11 {remains equal.}) 63... Rh3 64. Re2+ Kd6 65. Kb4 Rhh7 66. Rg2 Rc5 (66... Rcd7 $17) 67. Rg6+ Kc7 68. Rg4 Kd6 69. Rg6+ Ke5 70. a5 Kf5 $2 (70... Rb7 $11 {and Black has nothing to worry.}) 71. axb6 $18 Rxc2 $2 (71... Rc8 72. Rd6 axb6 73. Rxd5+ (73. Bxd5 Ke5 $17) 73... Kf4) 72. bxa7 ({Not} 72. Rd6 Rb2 $18) 72... Rxa7 73. b6 (73. Bxc2 $142 {Threatening mate with Rc6.} Kxg6 74. b6) 73... Ra8 (73... Rcc7 $18 74. bxa7 (74. bxc7 Rxc7 75. Rd6 Rb7+ 76. Ka3 Kf4 $18) 74... Rxa7) 74. Bxc2 {[%emt 0:00:48] White mates.} Kxg6 {[%emt 0:00:04] KR-KB} 75. Kb5 Kf5 76. b7 Rh8 77. Kb6 Kf4 {[%emt 0:00:16] [#]} 78. Ba4 $1 Ke3 79. Bb5 Kd2 80. Ka7 Kc3 81. b8=Q {[%emt 0:00:07] Never resign too early!   Weighted Error Value: White=0.11 (very precise) /Black=0.13 (very precise) .  Loses game:     	---       	Black=1      Mistake:       	White=5     	Black=8      Inaccurate:     	White=3     	Black=2      OK:         	White=25    	Black=22     Best:        	White=6     	Black=1      Strong:       	White=4     	---} 1-0

[Event "SixDays GM March 2024"]
[Site "Budapest"]
[Date "2024.04.03"]
[Round "7.4"]
[White "Konyves, Almos"]
[Black "Mihok, Oliver"]
[Result "1/2-1/2"]
[ECO "E91"]
[WhiteElo "2306"]
[BlackElo "2549"]
[Annotator "TA"]
[PlyCount "118"]
[EventDate "2024.03.26"]
[EventType "tourn"]
[EventCountry "HUN"]
[SourceTitle "playchess.com"]
[Source "ChessBase"]
[SourceQuality "1"]
[TimeControl "5400+30"]

1. d4 Nf6 2. c4 g6 3. Nc3 Bg7 4. e4 d6 5. Be2 O-O 6. Nf3 Nbd7 7. Be3 e5 8. d5 Ng4 9. Bg5 f6 10. Bh4 Nh6 11. Nd2 g5 12. Bg3 f5 {[%emt 0:00:17] [#] ...f4 is the strong threat.} 13. f3 {[%emt 0:00:31] White is more active.} Nf6 14. h3 c5 {[%emt 0:01:00] White is slightly better.} 15. Bf2 f4 16. Qb1 Nf7 17. b4 b6 18. a4 h5 19. a5 Bd7 20. Kd1 Rb8 21. axb6 axb6 22. b5 Ra8 23. Kc2 Qc8 24. Rxa8 Qxa8 25. Qa1 Rb8 26. Qxa8 Rxa8 27. Kb2 Bf8 {[%emt 0:03:34] The position is equal.} 28. Ra1 Rxa1 29. Kxa1 {[%emt 0:00:03] aiming for Na4.} Be7 30. Kb2 Bd8 31. Kc2 Kg7 32. Kd3 g4 33. hxg4 hxg4 34. Na4 g3 35. Be1 Ng5 36. Bf1 Be8 37. Nc3 Bh5 38. Ne2 Nfh7 39. Ng1 Nf8 40. Nb1 Ng6 41. Bc3 Nh4 {[%emt 0:04:55][%cal Rh4f3] White must now prevent ...Nhxf3!} 42. Nd2 Bf6 43. Bb2 Kf7 44. Bc3 Ke7 45. Bb2 Bg7 46. Bc3 Kd7 47. Bb2 Bh6 48. Bc3 Bg6 49. Bb2 Bg7 50. Bc3 Bf6 51. Bb2 Ke7 52. Bc3 Be8 53. Bb2 Bd7 54. Bc3 Kf7 55. Bb2 Kg6 56. Bc3 Kh5 57. Ke2 Be7 58. Kd3 $1 Bd8 59. Ke2 Be7 {[%emt 0:03:05] Weighted Error Value: White=0.04 (flawless) /Black=0.03 (flawless) .  Inaccurate:     	White=2     	Black=1      OK:         	White=18    	Black=20     Strong:       	White=1     	---} 1/2-1/2